[Event "33rd Croatian Junior League 2024"]
[Site "Novalja"]
[Date "2024.04.04"]
[Round "4.2"]
[White "Karlusic, Luka"]
[Black "Begic, Domagoj"]
[Result "1-0"]
[ECO "A85"]
[WhiteElo "2232"]
[BlackElo "2069"]
[Annotator "RC"]
[PlyCount "89"]
[EventDate "2024.03.28"]
[EventType "team-tourn"]
[EventCountry "CRO"]
[SourceTitle "playchess.com"]
[Source "ChessBase"]
[SourceQuality "1"]
[TimeControl "5400+30"]

1. d4 e6 2. c4 f5 3. Nc3 Nf6 4. e3 b6 5. Bd3 Bb7 6. f3 Nc6 7. Nge2 g6 8. e4 Bg7 9. Bg5 h6 10. Bh4 g5 11. Bf2 Qe7 12. exf5 exf5 13. Bxf5 O-O-O 14. Qa4 a6 15. O-O-O Kb8 16. Rhe1 Qf7 17. Ng3 Ne7 18. Qc2 d5 19. Be6 Qf8 20. c5 b5 21. Nf5 Nxf5 22. Qxf5 Nh5 23. Qxf8 Rhxf8 24. Bg4 Nf6 25. Bf5 Rfe8 26. Bg6 Rxe1 27. Rxe1 Bc8 28. Re7 Rd7 29. Rxd7 Bxd7 30. Bg3 Kc8 31. Be5 c6 32. Ne2 Kd8 33. Ng3 a5 34. a3 a4 35. Kd2 Ke7 36. Kc3 Kf8 37. h3 Ne8 38. Bxe8 Bxe8 39. Nf5 Bxe5 40. dxe5 h5 41. Kd4 h4 42. Ke3 Bg6 43. Nd4 Kf7 44. Nxc6 Ke6 45. Kd4 1-0

[Event "33rd Croatian Junior League 2024"]
[Site "Novalja"]
[Date "2024.04.04"]
[Round "4.3"]
[White "Poljak, Stipe"]
[Black "Mazuran, Gabrijel"]
[Result "1/2-1/2"]
[ECO "E24"]
[WhiteElo "1979"]
[BlackElo "2054"]
[Annotator "RC"]
[PlyCount "78"]
[EventDate "2024.03.28"]
[EventType "team-tourn"]
[EventCountry "CRO"]
[SourceTitle "playchess.com"]
[Source "ChessBase"]
[SourceQuality "1"]
[TimeControl "5400+30"]

1. d4 Nf6 2. c4 e6 3. Nc3 Bb4 4. a3 Bxc3+ 5. bxc3 c5 6. f3 d6 7. e4 Nc6 8. Be3 b6 9. Bd3 O-O 10. Ne2 Qc7 11. Ng3 cxd4 12. cxd4 e5 13. O-O exd4 14. Bf2 Nd7 15. Rc1 Nc5 16. Bb1 Be6 17. Nh5 f5 18. Nf4 fxe4 19. Nxe6 Nxe6 20. Bxe4 Nf4 21. Re1 Rac8 22. Bd5+ Kh8 23. Bxc6 Qxc6 24. Bxd4 Rce8 25. Qd2 Rxe1+ 26. Qxe1 Re8 27. Qd2 Ne2+ 28. Kf2 Nxc1 29. Qxc1 d5 30. Qg5 Qg6 31. Qxd5 Qc2+ 32. Kg3 Qg6+ 33. Kf2 h6 34. Qd7 Rg8 35. Qxa7 Qc2+ 36. Kg3 Qg6+ 37. Kf2 Qc2+ 38. Kg3 Qg6+ 39. Kf2 Qc2+ 1/2-1/2

[Event "33rd Croatian Junior League 2024"]
[Site "Novalja"]
[Date "2024.04.04"]
[Round "4.4"]
[White "Simunkovic, Bartol"]
[Black "Pehar, Borna"]
[Result "0-1"]
[ECO "B32"]
[WhiteElo "1885"]
[BlackElo "1988"]
[Annotator "RC"]
[PlyCount "88"]
[EventDate "2024.03.28"]
[EventType "team-tourn"]
[EventCountry "CRO"]
[SourceTitle "playchess.com"]
[Source "ChessBase"]
[SourceQuality "1"]
[TimeControl "5400+30"]

1. e4 c5 2. Nf3 Nc6 3. d4 cxd4 4. Nxd4 e5 5. Nb5 d6 6. N1c3 a6 7. Na3 Be6 8. Nc4 Rb8 9. a4 Nb4 10. Be2 Rc8 11. b3 Be7 12. Ba3 a5 13. Nb5 d5 14. exd5 Bxd5 15. c3 Bxc4 16. Bxc4 Qxd1+ 17. Kxd1 Nc6 18. Bxe7 Kxe7 19. Ke2 Nf6 20. Rad1 Rhd8 21. f3 Rxd1 22. Rxd1 Rd8 23. Rxd8 Nxd8 24. Ke3 Ne6 25. Bxe6 Kxe6 26. c4 Nd7 27. Kd3 Nc5+ 28. Kc3 Na6 29. Na3 Nb4 30. Nb1 f5 31. Nd2 b6 32. c5 bxc5 33. Kc4 Nc6 34. Kxc5 Nd4 35. f4 h5 36. fxe5 Kxe5 37. Nf3+ Nxf3 38. gxf3 g5 39. b4 axb4 40. Kxb4 g4 41. f4+ Kd6 42. Kc4 h4 43. Kd4 g3 44. hxg3 h3 0-1

[Event "33rd Croatian Junior League 2024"]
[Site "Novalja"]
[Date "2024.04.04"]
[Round "4.5"]
[White "Gal, Andrej"]
[Black "Vucenovic, Damian"]
[Result "1-0"]
[ECO "A14"]
[WhiteElo "2274"]
[BlackElo "2145"]
[Annotator "RC"]
[PlyCount "95"]
[EventDate "2024.03.28"]
[EventType "team-tourn"]
[EventCountry "CRO"]
[SourceTitle "playchess.com"]
[Source "ChessBase"]
[SourceQuality "1"]
[TimeControl "5400+30"]

1. d4 d5 2. c4 e6 3. Nf3 Nf6 4. g3 Be7 5. Bg2 O-O 6. Nc3 c6 7. O-O a5 8. b3 Nbd7 9. Bb2 b6 10. Nd2 Bb7 11. e4 Rc8 12. Re1 h6 13. Rc1 Re8 14. cxd5 cxd5 15. e5 Nh7 16. Bf1 Nb8 17. Bb5 Rf8 18. Qe2 Kh8 19. Nf3 Nc6 20. Na4 f5 21. Rc2 f4 22. Rec1 Na7 23. Bd3 fxg3 24. hxg3 b5 25. Nc5 Bxc5 26. Rxc5 Bc6 27. Bb1 Qd7 28. Qd3 g5 29. Kg2 Qf7 30. Qe3 Qg7 31. Bc3 Rf7 32. Be1 Rcf8 33. Nh2 Bb7 34. Bxa5 h5 35. Rc7 h4 36. Ng4 Nc8 37. Rxf7 Rxf7 38. Bd8 Qf8 39. Bxg5 Rf3 40. Bf6+ Rxf6 41. exf6 Nd6 42. Rc7 Nxf6 43. Qe5 Nde4 44. Bxe4 dxe4 45. Rxb7 e3 46. Qxf6+ Qxf6 47. Nxf6 e2 48. Rh7# 1-0

[Event "33rd Croatian Junior League 2024"]
[Site "Novalja"]
[Date "2024.04.04"]
[Round "4.6"]
[White "Dumancic, Simun"]
[Black "Franc, Borna"]
[Result "0-1"]
[ECO "C97"]
[WhiteElo "2027"]
[BlackElo "2221"]
[Annotator "RC"]
[PlyCount "92"]
[EventDate "2024.03.28"]
[EventType "team-tourn"]
[EventCountry "CRO"]
[SourceTitle "playchess.com"]
[Source "ChessBase"]
[SourceQuality "1"]
[TimeControl "5400+30"]

1. e4 e5 2. Nf3 Nc6 3. Bb5 a6 4. Ba4 Nf6 5. O-O Be7 6. Re1 b5 7. Bb3 O-O 8. h3 d6 9. c3 Na5 10. Bc2 c5 11. d4 Qc7 12. d5 Bd7 13. Nbd2 c4 14. Nf1 Nb7 15. Ng3 a5 16. Nh4 g6 17. f4 Nxe4 18. Nxg6 fxg6 19. Rxe4 Bh4 20. Ne2 Bf5 21. fxe5 Bxe4 22. Bxe4 Qc5+ 23. Kh2 dxe5 24. Bh6 Nd6 25. Bxf8 Rxf8 26. Bf3 Rxf3 27. gxf3 Qf2+ 28. Kh1 Qxf3+ 29. Kh2 Qf2+ 30. Kh1 Ne4 31. Qf1 Qxe2 32. Qxe2 Ng3+ 33. Kg2 Nxe2 34. Kf3 Nf4 35. Ke4 Nd3 36. Rb1 Bf6 37. d6 Kf7 38. Kd5 e4 39. Rf1 e3 40. d7 Ke7 41. Rxf6 Kxd7 42. Rd6+ Kc7 43. Rc6+ Kb7 44. Kd6 e2 45. Rc7+ Kb8 46. Kd7 Ne5+ 0-1

[Event "33rd Croatian Junior League 2024"]
[Site "Novalja"]
[Date "2024.04.04"]
[Round "4.7"]
[White "Marfat, Ivan"]
[Black "Sagovac, Kristijan"]
[Result "1/2-1/2"]
[ECO "A55"]
[WhiteElo "1903"]
[BlackElo "2030"]
[Annotator "RC"]
[PlyCount "82"]
[EventDate "2024.03.28"]
[EventType "team-tourn"]
[EventCountry "CRO"]
[SourceTitle "playchess.com"]
[Source "ChessBase"]
[SourceQuality "1"]
[TimeControl "5400+30"]

1. e4 c6 2. c4 e5 3. Nf3 d6 4. d4 Qc7 5. Nc3 Nf6 6. Be2 Be7 7. h3 Nbd7 8. Be3 O-O 9. O-O Re8 10. Qc2 Nf8 11. Rad1 Ng6 12. dxe5 dxe5 13. c5 Be6 14. Ng5 Bd7 15. Bc4 Rf8 16. Rd2 h6 17. Nf3 Nh5 18. Ne2 Kh8 19. Rfd1 Rad8 20. Qb3 Be8 21. g4 Rxd2 22. Rxd2 Nhf4 23. Nxf4 Nxf4 24. Kh2 Kg8 25. Qc3 Ng6 26. b4 Bd7 27. Qb3 Qc8 28. Qc3 Bf6 29. Qd3 Rd8 30. Qb3 Rf8 31. Qd3 Rd8 32. Qb3 Be8 33. Qd1 Rd7 34. Kg3 Qd8 35. a4 a6 36. Rxd7 Bxd7 37. Qd6 Be8 38. Qxd8 Bxd8 39. h4 Bc7 40. Bd2 Kf8 41. Bc3 f6 1/2-1/2

[Event "33rd Croatian Junior League 2024"]
[Site "Novalja"]
[Date "2024.04.04"]
[Round "4.8"]
[White "Martic, Filip"]
[Black "Mesic, Josip"]
[Result "1/2-1/2"]
[ECO "D32"]
[WhiteElo "1897"]
[BlackElo "1745"]
[Annotator "NA RC"]
[PlyCount "89"]
[EventDate "2024.03.28"]
[EventType "team-tourn"]
[EventCountry "CRO"]
[SourceTitle "playchess.com"]
[Source "ChessBase"]
[SourceQuality "1"]
[TimeControl "5400+30"]

1. d4 e6 2. Nf3 d5 3. c4 c5 4. e3 Nf6 5. Nc3 Nc6 6. dxc5 Bxc5 7. cxd5 exd5 8. Be2 O-O 9. O-O Bg4 10. a3 a6 11. b4 Ba7 12. Bb2 Qd7 13. Qd2 Rfd8 $11 14. Rfd1 Bxf3 15. Bxf3 d4 16. Bxc6 Qxc6 17. exd4 Rxd4 18. Qe2 Re8 19. Qf3 Qxf3 20. gxf3 Rf4 21. Kg2 h6 22. Re1 Kf8 23. Rxe8+ Kxe8 24. Re1+ Kd7 25. Ne4 Nxe4 26. Rxe4 Rxe4 27. fxe4 g6 28. f4 Ke6 29. Kf3 h5 30. h3 b5 31. Bc3 Bb6 32. Bb2 Bd8 33. Kg3 Be7 34. Bc3 Kd7 35. Kf3 Kc6 36. Ke3 a5 37. Kd4 a4 38. Be1 Bf6+ 39. e5 Bd8 40. Ke4 Bb6 41. Bd2 Bg1 42. Be1 Kd7 43. Bd2 Ke6 44. Bc3 Bf2 45. Kf3 1/2-1/2

[Event "33rd Croatian Junior League 2024"]
[Site "Novalja"]
[Date "2024.04.04"]
[Round "4.9"]
[White "Kovac, Petar"]
[Black "Denic, Marin"]
[Result "1-0"]
[ECO "E11"]
[WhiteElo "2173"]
[BlackElo "2045"]
[Annotator "RC"]
[PlyCount "69"]
[EventDate "2024.03.28"]
[EventType "team-tourn"]
[EventCountry "CRO"]
[SourceTitle "playchess.com"]
[Source "ChessBase"]
[SourceQuality "1"]
[TimeControl "5400+30"]

1. d4 Nf6 2. c4 e6 3. Nf3 d5 4. g3 Bb4+ 5. Bd2 Be7 6. Bg2 c6 7. Qc2 b6 8. O-O Bb7 9. Bf4 Nbd7 10. Rd1 Rc8 11. Nc3 dxc4 12. Nd2 Nd5 13. Nxc4 Nxf4 14. gxf4 O-O 15. Rac1 Nf6 16. e3 Nd5 17. Ne5 f6 18. Nd3 Qe8 19. Qb3 Bd6 20. Ne4 Bb8 21. Ng3 h5 22. Ne2 g5 23. Kh1 h4 24. Bf3 Kh8 25. Rg1 Qe7 26. Rg4 e5 27. dxe5 Qd7 28. e4 c5 29. Nxc5 bxc5 30. exd5 c4 31. Qd1 Rc5 32. Nc3 Qf5 33. Be4 Qd7 34. Rxh4+ Kg8 35. Qh5 1-0

[Event "33rd Croatian Junior League 2024"]
[Site "Novalja"]
[Date "2024.04.04"]
[Round "4.10"]
[White "Mocic, Ivano"]
[Black "Konjevic, Nikola"]
[Result "1/2-1/2"]
[ECO "D02"]
[WhiteElo "2011"]
[BlackElo "2056"]
[Annotator "RC"]
[PlyCount "127"]
[EventDate "2024.03.28"]
[EventType "team-tourn"]
[EventCountry "CRO"]
[SourceTitle "playchess.com"]
[Source "ChessBase"]
[SourceQuality "1"]
[TimeControl "5400+30"]

1. d4 Nf6 2. Nf3 d5 3. Bf4 c5 4. e3 e6 5. Nbd2 Bd6 6. dxc5 Bxc5 7. Bd3 O-O 8. O-O Nbd7 9. c4 b6 10. Qe2 Bb7 11. Rac1 Re8 12. Ne5 Nxe5 13. Bxe5 Bd6 14. Bxd6 Qxd6 15. e4 dxe4 16. Nxe4 Nxe4 17. Bxe4 Bxe4 18. Qxe4 Rad8 19. Rc2 Re7 20. h3 Red7 21. Rfc1 Qc5 22. Qe1 a5 23. b3 Rd3 24. Rc3 Rd2 25. R3c2 R2d3 26. Rc3 Rd2 27. R3c2 Rxc2 28. Rxc2 Rd4 29. Rc1 g6 30. Qc3 e5 31. Qb2 Qd6 32. Qc3 Rd3 33. Qe1 Rd2 34. a3 Qd4 35. b4 axb4 36. axb4 f6 37. c5 bxc5 38. bxc5 Ra2 39. c6 Ra8 40. c7 Rc8 41. Rd1 Qb6 42. Rd7 Rxc7 43. Qd1 Rxd7 44. Qxd7 Qb1+ 45. Kh2 Qb3 46. Qd8+ Kg7 47. h4 h5 48. f4 exf4 49. Qc7+ Qf7 50. Qxf4 Qe7 51. Qd2 Qc7+ 52. g3 Qa7 53. Kg2 Qe7 54. Kh2 Qe6 55. Qc2 Qd7 56. Qe2 Qd6 57. Qb2 Qe5 58. Qd2 Qc5 59. Qd7+ Kh6 60. Qd8 Qf2+ 61. Kh1 g5 62. hxg5+ Kxg5 63. Qg8+ Kf5 64. Qg4+ 1/2-1/2

[Event "33rd Croatian Junior League 2024"]
[Site "Novalja"]
[Date "2024.04.04"]
[Round "4.11"]
[White "Car, Filip"]
[Black "Petricevic, Mateo"]
[Result "0-1"]
[ECO "D36"]
[WhiteElo "2106"]
[BlackElo "2036"]
[Annotator "RC"]
[PlyCount "106"]
[EventDate "2024.03.28"]
[EventType "team-tourn"]
[EventCountry "CRO"]
[SourceTitle "playchess.com"]
[Source "ChessBase"]
[SourceQuality "1"]
[TimeControl "5400+30"]

1. d4 Nf6 2. c4 e6 3. Nc3 d5 4. cxd5 exd5 5. Bg5 c6 6. Qc2 Bd6 7. e3 O-O 8. Bd3 h6 9. Bh4 Re8 10. Nge2 a5 11. Rc1 Nbd7 12. Bg3 Nf8 13. Bxd6 Qxd6 14. Ng3 Ng4 15. Nce2 Ne6 16. O-O Ng5 17. Nf4 Nf6 18. Qc5 Qxc5 19. Rxc5 Ne6 20. Nxe6 Bxe6 21. Rb1 Reb8 22. b3 g6 23. a3 Kf8 24. Ne2 Ke7 25. Nf4 g5 26. Nxe6 fxe6 27. Kf1 Kd6 28. Ke2 e5 29. Bf5 Re8 30. Kd3 Ra7 31. Rcc1 exd4 32. exd4 b6 33. Re1 Rae7 34. Re3 Rxe3+ 35. fxe3 c5 36. Re1 Rf8 37. dxc5+ bxc5 38. g4 Rb8 39. Kc3 Ke5 40. h4 Ne4+ 41. Kc2 Nd6 42. hxg5 Nxf5 43. gxf5 hxg5 44. Rh1 Kxf5 45. Rh7 g4 46. Rg7 Rb6 47. Rd7 Ke4 48. Rg7 Kf3 49. Rg5 g3 50. Rxd5 Rg6 51. Kc3 Rg4 52. e4 Rxe4 53. Rg5 g2 0-1

[Event "33rd Croatian Junior League 2024"]
[Site "Novalja"]
[Date "2024.04.04"]
[Round "4.12"]
[White "Kurtovic, Darko"]
[Black "Mandaric, Fran"]
[Result "1-0"]
[ECO "B41"]
[WhiteElo "1969"]
[BlackElo "1933"]
[Annotator "RC"]
[PlyCount "113"]
[EventDate "2024.03.28"]
[EventType "team-tourn"]
[EventCountry "CRO"]
[SourceTitle "playchess.com"]
[Source "ChessBase"]
[SourceQuality "1"]
[TimeControl "5400+30"]

1. e4 c5 2. Nf3 e6 3. d4 cxd4 4. Nxd4 a6 5. c4 Bb4+ 6. Bd2 Qb6 7. Nb3 Ne7 8. Nc3 Ng6 9. a3 Be7 10. Be3 Qc6 11. Rc1 d6 12. Be2 O-O 13. O-O b6 14. f4 Bb7 15. Nd4 Qd7 16. f5 Ne5 17. Bg4 Nxc4 18. fxe6 Nxe3 19. exd7 Nxd1 20. Rfxd1 Bg5 21. Rc2 Rd8 22. Na4 Bxe4 23. Rc7 f5 24. Nxf5 Nxd7 25. Nxd6 Ne5 26. Nxe4 Be3+ 27. Kf1 Nxg4 28. Rcd7 Rxd7 29. Rxd7 Nxh2+ 30. Ke2 Bg1 31. Rd1 Re8 32. Nac3 Bc5 33. Rd7 Ng4 34. Kd2 Ne5 35. Ra7 Nc4+ 36. Kc1 Be3+ 37. Kc2 a5 38. Kd3 b5 39. Rb7 Bb6 40. Nxb5 Nxb2+ 41. Kc2 Rxe4 42. Rb8+ Kf7 43. Nd6+ Ke7 44. Nxe4 Na4 45. Rb7+ Kf8 46. Kb3 Nc5+ 47. Nxc5 Bxc5 48. Rb5 Be3 49. Rf5+ Kg8 50. Rxa5 g5 51. Kc4 Kf7 52. Ra6 h5 53. Kd3 Bf4 54. Ke4 h4 55. Kf5 Bc1 56. a4 Ke7 57. Rg6 1-0

[Event "33rd Croatian Junior League 2024"]
[Site "Novalja"]
[Date "2024.04.04"]
[Round "5.1"]
[White "Novosel, Lovro"]
[Black "Troselj, Ivan"]
[Result "1/2-1/2"]
[ECO "E05"]
[WhiteElo "2348"]
[BlackElo "2072"]
[Annotator "RC"]
[PlyCount "76"]
[EventDate "2024.03.28"]
[EventType "team-tourn"]
[EventCountry "CRO"]
[SourceTitle "playchess.com"]
[Source "ChessBase"]
[SourceQuality "1"]
[TimeControl "5400+30"]

1. d4 Nf6 2. c4 e6 3. g3 d5 4. Nf3 Be7 5. Bg2 O-O 6. O-O dxc4 7. Qc2 a6 8. a4 Bd7 9. Qxc4 Bc6 10. Bg5 Nbd7 11. Nc3 h6 12. Bxf6 Nxf6 13. Rfd1 a5 14. Qd3 Bb4 15. Bf1 Bxf3 16. Qxf3 c6 17. e3 Qb6 18. Ne2 Rad8 19. Nf4 Bd6 20. Nd3 Nd5 21. h4 Rd7 22. Rd2 Rfd8 23. Be2 Nb4 24. Qe4 c5 25. Nxb4 Qxb4 26. Rad1 Qxa4 27. Bd3 cxd4 28. Bc2 Qb5 29. Qh7+ Kf8 30. Rxd4 Be5 31. Ba4 Rxd4 32. Rxd4 Qb6 33. Rxd8+ Qxd8 34. b3 Qd1+ 35. Kh2 Qf1 36. Qc2 b5 37. Qc8+ Ke7 38. Qb7+ Kf6 1/2-1/2

[Event "33rd Croatian Junior League 2024"]
[Site "Novalja"]
[Date "2024.04.04"]
[Round "5.2"]
[White "Damjanovic, Stjepan"]
[Black "Karlusic, Luka"]
[Result "1/2-1/2"]
[ECO "B10"]
[WhiteElo "2150"]
[BlackElo "2232"]
[Annotator "RC"]
[PlyCount "40"]
[EventDate "2024.03.28"]
[EventType "team-tourn"]
[EventCountry "CRO"]
[SourceTitle "playchess.com"]
[Source "ChessBase"]
[SourceQuality "1"]
[TimeControl "5400+30"]

1. e4 c6 2. f4 d5 3. e5 c5 4. Nf3 Nc6 5. c3 Bg4 6. Na3 e6 7. Nc2 f6 8. d4 Qb6 9. Be2 Nh6 10. exf6 gxf6 11. Be3 Nf5 12. Bf2 cxd4 13. Nfxd4 Bxe2 14. Qxe2 Ncxd4 15. Nxd4 Ng7 16. Nf5 Qc6 17. Nxg7+ Bxg7 18. Qh5+ Ke7 19. O-O Rae8 20. Rad1 Kd7 1/2-1/2

[Event "33rd Croatian Junior League 2024"]
[Site "Novalja"]
[Date "2024.04.04"]
[Round "5.3"]
[White "Mazuran, Gabrijel"]
[Black "Matosin, Jurica"]
[Result "1/2-1/2"]
[ECO "E04"]
[WhiteElo "2054"]
[BlackElo "1928"]
[Annotator "RC"]
[PlyCount "58"]
[EventDate "2024.03.28"]
[EventType "team-tourn"]
[EventCountry "CRO"]
[SourceTitle "playchess.com"]
[Source "ChessBase"]
[SourceQuality "1"]
[TimeControl "5400+30"]

1. d4 d5 2. c4 e6 3. Nf3 Nf6 4. g3 a6 5. Bg2 dxc4 6. Ne5 c5 7. e3 Ra7 8. Nxc4 b5 9. Ne5 Bb7 10. Bxb7 Rxb7 11. dxc5 Qxd1+ 12. Kxd1 Bxc5 13. Ke2 O-O 14. Nd2 Nbd7 15. Nxd7 Rxd7 16. Nb3 Bb6 17. Bd2 Rfd8 18. Bc3 Ne4 19. Bd4 Bxd4 20. Nxd4 Rc8 21. Rhc1 Rdc7 22. Rxc7 Rxc7 23. Rd1 g6 24. f3 Nf6 25. e4 Kf8 26. Nb3 Ke7 27. Rc1 Rxc1 28. Nxc1 Nd7 29. Nd3 Kd6 1/2-1/2

[Event "33rd Croatian Junior League 2024"]
[Site "Novalja"]
[Date "2024.04.04"]
[Round "5.4"]
[White "Sosic, Zvan"]
[Black "Cvetkovic, Erik"]
[Result "1-0"]
[ECO "B51"]
[WhiteElo "1868"]
[BlackElo "1851"]
[Annotator "NA RC"]
[PlyCount "85"]
[EventDate "2024.03.28"]
[EventType "team-tourn"]
[EventCountry "CRO"]
[SourceTitle "playchess.com"]
[Source "ChessBase"]
[SourceQuality "1"]
[TimeControl "5400+30"]

1. e4 c5 2. Nf3 d6 3. Bb5+ Nd7 4. d4 cxd4 5. Qxd4 a6 6. Bxd7+ Bxd7 7. c4 Nf6 8. Nc3 g6 9. O-O Bg7 10. Bg5 O-O 11. Qd3 {[%emt 0:01:22] [#]} b5 $1 12. cxb5 axb5 13. a3 Qb6 14. Bxf6 $1 exf6 15. Rfd1 Ra6 {[%emt 0:00:36] [#]} 16. Nd4 $16 Rb8 17. Nd5 Qa7 18. Rac1 Rb7 19. Ne7+ Kh8 20. Ndc6 Qa8 21. Nb4 Raa7 22. Nec6 Bxc6 23. Nxc6 Bh6 24. Qxd6 Rd7 25. Qxf6+ Bg7 26. Qf3 Rac7 27. Rxd7 Rxd7 28. e5 Rc7 29. Qd5 Bh6 30. Rc3 Qb7 31. Qd8+ Kg7 32. Ne7 Rxe7 33. Rc8 Qxc8 34. Qxc8 Rxe5 35. Qc3 f6 36. Qc7+ Kg8 37. g3 Bf8 38. Kg2 Rc5 39. Qd7 Rf5 40. f4 Rc5 41. Kf3 f5 42. h3 Bg7 43. Qe6+ 1-0

[Event "33rd Croatian Junior League 2024"]
[Site "Novalja"]
[Date "2024.04.04"]
[Round "5.5"]
[White "Denic, Marin"]
[Black "Gal, Andrej"]
[Result "0-1"]
[ECO "E42"]
[WhiteElo "2045"]
[BlackElo "2274"]
[Annotator "RC"]
[PlyCount "88"]
[EventDate "2024.03.28"]
[EventType "team-tourn"]
[EventCountry "CRO"]
[SourceTitle "playchess.com"]
[Source "ChessBase"]
[SourceQuality "1"]
[TimeControl "5400+30"]

1. d4 Nf6 2. c4 e6 3. Nc3 Bb4 4. e3 c5 5. Nge2 b6 6. a3 Ba5 7. Bd2 O-O 8. d5 b5 9. Nf4 bxc4 10. Bxc4 e5 11. Nfe2 d6 12. O-O Nbd7 13. e4 Rb8 14. Qc2 Ne8 15. Bb5 Nc7 16. Bxd7 Bxd7 17. Ng3 Nb5 18. Nxb5 Rxb5 19. b4 cxb4 20. Bxb4 Bxb4 21. axb4 Qb6 22. Qa4 Ra8 23. Rfb1 a5 24. Rc1 g6 25. Nf1 Qa7 26. Rc4 Rc5 27. Qc2 Rxc4 28. Qxc4 a4 29. Ne3 Qb6 30. Qc3 Rc8 31. Qe1 Qd4 32. b5 Bxb5 33. Rb1 Be8 34. Ng4 Kg7 35. h4 h5 36. Ne3 Qxe4 37. Rb4 Qd3 38. g4 hxg4 39. Rxg4 Bd7 40. Rg3 Qe4 41. h5 Rb8 42. h6+ Kh7 43. Qd2 Rb1+ 44. Nf1 Bb5 0-1

[Event "33rd Croatian Junior League 2024"]
[Site "Novalja"]
[Date "2024.04.04"]
[Round "5.6"]
[White "Franc, Borna"]
[Black "Mocic, Ivano"]
[Result "1-0"]
[ECO "B22"]
[WhiteElo "2221"]
[BlackElo "2011"]
[Annotator "RC"]
[PlyCount "88"]
[EventDate "2024.03.28"]
[EventType "team-tourn"]
[EventCountry "CRO"]
[SourceTitle "playchess.com"]
[Source "ChessBase"]
[SourceQuality "1"]
[TimeControl "5400+30"]

1. e4 c5 2. c3 Nf6 3. e5 Nd5 4. d4 cxd4 5. Nf3 e6 6. cxd4 d6 7. Bc4 dxe5 8. Nxe5 Bb4+ 9. Bd2 Bxd2+ 10. Qxd2 O-O 11. O-O b6 12. Nc3 Bb7 13. Rac1 Nxc3 14. Rxc3 Nd7 15. Qf4 Qf6 16. Qg3 Rfd8 17. Bb3 Nxe5 18. dxe5 Qe7 19. Qf4 Rac8 20. Rg3 Ba6 21. Re1 Rd3 22. Qa4 Qb7 23. Rxd3 Bxd3 24. Qd4 Bb5 25. h4 Bc6 26. Rc1 Bd5 27. Rd1 Rd8 28. Qf4 Rd7 29. Rd3 Bxb3 30. Rxb3 Rd1+ 31. Kh2 Qd7 32. Rg3 Rd3 33. Qe4 Rd5 34. h5 g6 35. Qf4 Rd4 36. Qf6 Qd8 37. Rc3 Qf8 38. f4 Rd2 39. hxg6 fxg6 40. Qxe6+ Kg7 41. Rc7+ Kh8 42. Qg4 Qh6+ 43. Kg1 Qf8 44. Qh4 Rd4 1-0

[Event "33rd Croatian Junior League 2024"]
[Site "Novalja"]
[Date "2024.04.04"]
[Round "5.7"]
[White "Petricevic, Mateo"]
[Black "Marfat, Ivan"]
[Result "0-1"]
[ECO "D36"]
[WhiteElo "2036"]
[BlackElo "1903"]
[Annotator "RC"]
[PlyCount "86"]
[EventDate "2024.03.28"]
[EventType "team-tourn"]
[EventCountry "CRO"]
[SourceTitle "playchess.com"]
[Source "ChessBase"]
[SourceQuality "1"]
[TimeControl "5400+30"]

1. d4 d5 2. c4 e6 3. Nc3 c6 4. cxd5 exd5 5. Qc2 Ne7 6. Bg5 h6 7. Bxe7 Bxe7 8. e3 O-O 9. Bd3 Re8 10. Nf3 Nd7 11. O-O Nf6 12. h3 Bd6 13. Rab1 a5 14. Rfe1 Be6 15. a3 Qe7 16. Nd2 Qd7 17. e4 dxe4 18. Ndxe4 Nxe4 19. Bxe4 Bc7 20. d5 cxd5 21. Red1 Qd6 22. g3 Bb6 23. Kg2 Rac8 24. Qd2 d4 25. Bxb7 Bxh3+ 26. Kh2 Rb8 27. Bh1 Bf5 28. Rbc1 Qg6 29. Nd5 d3 30. Re1 Bd4 31. b4 axb4 32. axb4 Qd6 33. b5 Rxe1 34. Rxe1 Rxb5 35. Ne7+ Kf8 36. Qa2 g6 37. Qa8+ Rb8 38. Qa4 Bxf2 39. Nxf5 gxf5 40. Rg1 Bxg1+ 41. Kh3 Bf2 42. Qh4 Rb4 43. Qh5 Qxg3# 0-1

[Event "33rd Croatian Junior League 2024"]
[Site "Novalja"]
[Date "2024.04.04"]
[Round "5.8"]
[White "Mesic, Josip"]
[Black "Kurtovic, Darko"]
[Result "1/2-1/2"]
[ECO "A39"]
[WhiteElo "1745"]
[BlackElo "1969"]
[Annotator "RC"]
[PlyCount "218"]
[EventDate "2024.03.28"]
[EventType "team-tourn"]
[EventCountry "CRO"]
[SourceTitle "playchess.com"]
[Source "ChessBase"]
[SourceQuality "1"]
[TimeControl "5400+30"]

1. d4 Nf6 2. c4 g6 3. g3 c5 4. Nf3 cxd4 5. Nxd4 Bg7 6. Bg2 Nc6 7. O-O O-O 8. Nc3 Qa5 9. Nxc6 bxc6 10. a3 Ba6 11. Qd3 d5 12. b4 Qd8 13. b5 cxb5 14. cxb5 Bb7 15. Bb2 Ng4 16. Na4 Ne5 17. Qb3 e6 18. Nc5 Qe7 19. Rac1 Rac8 20. Nxb7 Qxb7 21. Kh1 Rb8 22. Rc5 Qb6 23. Bd4 Nc4 24. Bxg7 Qxc5 25. Bxf8 Rxf8 26. Qb4 Qxb4 27. axb4 Rb8 28. Ra1 Rxb5 29. Rxa7 Rxb4 30. Bf3 Ne5 31. Kg2 Rb3 32. e3 Rb2 33. Ra1 Nd3 34. Rf1 Kg7 35. Bd1 Kf6 36. Ba4 Ke7 37. h4 Ne5 38. Bd1 Kd6 39. Ba4 Ng4 40. Kg1 Rd2 41. Be8 Ke7 42. Ba4 h6 43. Bc6 Ra2 44. Bb5 Kd6 45. Be8 Ra5 46. Bxf7 Ne5 47. Bg8 Ra8 48. f4 Nd7 49. Bf7 Nf8 50. h5 gxh5 51. Bxh5 Ra3 52. Kf2 Nd7 53. Rh1 Nf6 54. Be2 d4 55. exd4 Ne4+ 56. Kg2 Rxg3+ 57. Kf1 Rg6 58. Bd3 Kd5 59. Ke2 Kxd4 60. Bxe4 Kxe4 61. Rh4 Rg2+ 62. Kf1 Rg6 63. Ke2 Rf6 64. Kd2 Kf3 65. Kd3 Kg3 66. Rh1 Kxf4 67. Rf1+ Kg5 68. Rg1+ Kh5 69. Ke4 Rf5 70. Rh1+ Kg6 71. Rh2 h5 72. Rg2+ Kf6 73. Rh2 Kg5 74. Rg2+ Kf6 75. Rh2 Re5+ 76. Kf4 Ra5 77. Rb2 Ra4+ 78. Kg3 Rd4 79. Rb8 Kf5 80. Rf8+ Ke5 81. Kf3 Rd3+ 82. Ke2 Rh3 83. Rh8 Ke4 84. Ra8 Rh2+ 85. Kf1 e5 86. Ra3 Kf4 87. Rb3 e4 88. Ra3 h4 89. Rb3 Kg4 90. Re3 Kf4 91. Ra3 Rh1+ 92. Kg2 Rd1 93. Rh3 Rd2+ 94. Kf1 Kg4 95. Re3 Kf4 96. Rh3 Rc2 97. Rxh4+ Ke3 98. Rh3+ Kd4 99. Ke1 Rc3 100. Rxc3 Kxc3 101. Ke2 Kd4 102. Kd2 e3+ 103. Ke2 Ke4 104. Ke1 Kf3 105. Kf1 Ke4 106. Ke2 Kd4 107. Ke1 Kd3 108. Kd1 e2+ 109. Ke1 Ke3 1/2-1/2

[Event "33rd Croatian Junior League 2024"]
[Site "Novalja"]
[Date "2024.04.04"]
[Round "5.9"]
[White "Vucenovic, Damian"]
[Black "Maravic, Ivan"]
[Result "1-0"]
[ECO "C55"]
[WhiteElo "2145"]
[BlackElo "2057"]
[Annotator "RC"]
[PlyCount "99"]
[EventDate "2024.03.28"]
[EventType "team-tourn"]
[EventCountry "CRO"]
[SourceTitle "playchess.com"]
[Source "ChessBase"]
[SourceQuality "1"]
[TimeControl "5400+30"]

1. e4 e5 2. Nf3 Nc6 3. Bc4 Nf6 4. d3 Be7 5. O-O O-O 6. Re1 d6 7. a4 Na5 8. Ba2 c5 9. Nbd2 h6 10. Nf1 Be6 11. Ng3 Nc6 12. c3 Bxa2 13. Rxa2 Re8 14. Ra1 Bf8 15. Bd2 d5 16. Qb3 c4 17. dxc4 Na5 18. Qc2 dxc4 19. Rad1 Qc7 20. Nf5 Nb3 21. N3h4 Rad8 22. Be3 a6 23. Qe2 Qc6 24. Qf3 Kh7 25. Ng3 Qe6 26. h3 Bc5 27. Nhf5 Bxe3 28. Qxe3 Ng8 29. Nh5 g6 30. Nhg7 Qc6 31. Nxe8 Rxe8 32. Nd6 Re7 33. Qe2 b5 34. axb5 axb5 35. Qf3 Nc5 36. Rd5 Nd3 37. Rd1 Nf4 38. Rxb5 Rd7 39. Rxe5 Rxd6 40. Rxd6 Qxd6 41. Ra5 g5 42. g3 Qd3 43. Qg4 Ne2+ 44. Kg2 Qd1 45. Qf5+ Kg7 46. Ra7 Qg1+ 47. Kf3 Nd4+ 48. cxd4 Qh1+ 49. Ke2 Nf6 50. e5 1-0